 Dungeon Crawl Stone Soup version 0.19-a0-36-g4a0968a (webtiles) character file.

428 M4edhros the Insei (level 6, -2/36 HPs)
             Began as an Octopode Necromancer on May 3, 2016.
             Slain by an orc priest (5 damage)
             ... on level 6 of the Dungeon.
             The game lasted 00:08:05 (1506 turns).

M4edhros the Insei (Octopode Necromancer)           Turns: 1506, Time: 00:08:07

Health: -2/36      AC:  1    Str:  5 (7)  XL:     6   Next: 98%
Magic:  8/9        EV: 12    Int: 15 (17) God:
Gold:   92         SH:  0    Dex: 12 (15) Spells: 3 memorised, 4 levels left

rFire  . . .     SeeInvis .       - Unarmed
rCold  . . .     Gourm    .     (no shield)
rNeg   . . .     Faith    .     (helmet restricted)
rPois  .         Spirit   .     (no amulet)
rElec  .         Dismiss  .     p - ring of resist corrosion
rCorr  +         Reflect  .     (no ring)
SustAt .         Harm     .     (no ring)
MR     .....                    (no ring)
Stlth  +++.......               (no ring)
                                (no ring)
                                (no ring)
                                (no ring)

@: not resistant to hostile enchantments, fairly stealthy
A: almost no armour, amphibious, 8 rings, constrict 8, camouflage 1, gelatinous
body 1
a: no special abilities


You were on level 6 of the Dungeon.
You were not hungry.

You visited 1 branch of the dungeon, and saw 6 of its levels.

You collected 92 gold pieces.

Inventory:

Missiles
 e - a throwing net (quivered)
 t - 6 tomahawks
Jewellery
 p - a ring of resist corrosion (left tentacle)
Scrolls
 g - a scroll of remove curse {unknown}
 h - a scroll of amnesia {unknown}
 i - a scroll of teleportation {unknown}
 j - 3 scrolls of identify {unknown}
 l - 4 scrolls of recharging {unknown}
 m - a scroll of enchant armour {unknown}
 o - a scroll of noise {unknown}
 s - a scroll of immolation {unknown}
Potions
 d - a potion of flight
Books
 a - a book of Necromancy

   Spells                             Type                      Level
   a - Pain                           Necromancy                   1
   b - Animate Skeleton               Necromancy                   1
   c - Vampiric Draining              Necromancy                   3
   d - Regeneration                   Charms/Necromancy            3
   e - Animate Dead                   Necromancy                   4
   f - Control Undead                 Necromancy                   4
Comestibles
 b - 4 bread rations
 c - 3 chunks of flesh
 f - a meat ration
 q - a fruit


   Skills:
 - Level 2.0 Dodging
 - Level 2.6 Stealth
 + Level 6.8 Unarmed Combat
 - Level 2.0 Spellcasting
 - Level 4.0 Necromancy


You had 4 spell levels left.
You knew the following spells:

 Your Spells              Type           Power        Failure   Level  Hunger
a - Pain                  Necr           ##..         4%          1    #......
b - Animate Skeleton      Necr           N/A          4%          1    #......
r - Regeneration          Chrm/Necr      #.........   30%         3    ###....


Dungeon Overview and Level Annotations

Branches:
Dungeon (6/15)
 Temple: D:4-7

Altars:
Elyvilon
Kikubaaqudgha
Ru
Xom
The Shining One


Innate Abilities, Weirdness & Mutations

You cannot wear most types of armour.
You are amphibious.
You can wear up to eight rings at the same time.
You can use your tentacles to constrict eight enemies at once.
Your skin changes colour to match your surroundings (Stealth).
Your rubbery body absorbs attacks (AC +1).


Message History

You constrict the orc priest, but do no damage.
The orc priest misses you.
The orc priest looks braver for a moment.
Drink which item? (? for menu, Esc to quit)
It was a potion of cure mutation.
It has a very clean taste.
You constrict the orc priest. x2
The orc priest calls down the wrath of Beogh upon you.
Beogh smites you!
* * * LOW HITPOINT WARNING * * *
The orc priest hits you with a club.
* * * LOW HITPOINT WARNING * * *
Drink which item? (? for menu, Esc to quit)
Okay, then.
Sorry, you're not good enough to have a special ability.
Read which item? (? for menu, Esc to quit)
Okay, then.
You tentacle-slap the orc priest.
The orc priest is severely wounded.
You constrict the orc priest. x2; The orc priest hits you.
You die...

.# #######.#
#..<....#
#.......###.#
#...........#.
#........#... #.#####
#.....[..#.#
#...?.o###.......#..#
#o@)..........#
####........###
##.......#######
#####.........#
#............#
)........<....#
....############ ..##
#


You could see 2 orc priests.

Vanquished Creatures
  Purgy (D:3)
  5 orc wizards
  Jessica (D:2)
  Terence (D:2)
  An iguana (D:4)
  A hound skeleton (D:5)
  3 adders
  3 gnolls
  2 worms
  2 dart slugs (D:1)
  4 giant geckos
  4 orcs (D:4)
  3 giant cockroaches
  6 goblins
  A hobgoblin (D:2)
  2 jackals (D:2)
  3 quokkas
  4 bats
  3 giant newts
  3 kobolds
  2 rats
55 creatures vanquished.

Vanquished Creatures (collateral kills)
  A kobold (D:3)
1 creature vanquished.

Grand Total: 56 creatures vanquished

Notes
Turn   | Place    | Note
--------------------------------------------------------------
     0 | D:1      | M4edhros the Octopode Necromancer began the quest for the Orb.
     0 | D:1      | Reached XP level 1. HP: 11/11 MP: 3/3
    30 | D:1      | Reached skill level 1 in Unarmed Combat
   105 | D:1      | Reached XP level 2. HP: 11/17 MP: 1/5
   280 | D:1      | Reached skill level 2 in Unarmed Combat
   317 | D:2      | Noticed Terence
   328 | D:2      | Learned a level 1 spell: Animate Skeleton
   342 | D:2      | Reached XP level 3. HP: 6/21 MP: 4/6
   347 | D:2      | Learned a level 3 spell: Regeneration
   509 | D:2      | Reached skill level 3 in Unarmed Combat
   565 | D:2      | Noticed Jessica
   583 | D:2      | Killed Terence
   583 | D:2      | Reached XP level 4. HP: 8/27 MP: 5/7
   596 | D:2      | Killed Jessica
   596 | D:2      | Reached skill level 4 in Unarmed Combat
   615 | D:2      | Found a glowing golden altar of the Shining One.
   798 | D:3      | Reached XP level 5. HP: 31/31 MP: 4/8
   830 | D:3      | Noticed Purgy
   850 | D:3      | Killed Purgy
   850 | D:3      | Reached skill level 5 in Unarmed Combat
   905 | D:3      | Reached XP level 6. HP: 21/36 MP: 6/9
  1069 | D:4      | Found a sacrificial altar of Ru.
  1095 | D:4      | Reached skill level 6 in Unarmed Combat
  1281 | D:5      | Entered Level 5 of the Dungeon
  1424 | D:5      | Found an ancient bone altar of Kikubaaqudgha.
  1425 | D:5      | Found a white marble altar of Elyvilon.
  1432 | D:5      | Found a shimmering altar of Xom.
  1506 | D:6      | Slain by an orc priest

Vault maps used:
D:1:      minmay_arrival_up_and_down
D:2:      minmay_kobold_bridge, first_bread, minmay_misc_feat_tower,
          tso_metal_star, uniq_jessica, uniq_terence
D:3:      lemuel_crystal_altar, kennysheep_potato, uniq_crazy_yiuf_cottage,
          uniq_purgy, uniq_robin
D:4:      nicolae_ru_path_of_blood
D:5:      nicolae_overflow_hidden_temple, kennysheep_generic_room_13
D:6:      basic_altar

Skill      XL: |  1  2  3  4  5  6 |
---------------+-------------------+-----
Unarmed Combat | 1 2 3 4 5 6 |  6.8
Dodging        | |  2.0
Stealth        | |  2.6
Spellcasting   | |  2.0
Necromancy     | |  4.0

Action                   |  1- 3 |  4- 6 || total
-------------------------+-------+-------++-------
Melee: Unarmed           |    44 |    88 ||   132
       Constrict         |    13 |    19 ||    32
       Tentacles         |     8 |    21 ||    29
       Punch             |       |     3 ||     3
 Cast: Pain              |    16 |    13 ||    29
       Animate Skeleton  |     3 |    11 ||    14
       Regeneration      |     4 |    14 ||    18
  Use: Potion            |     4 |     5 ||     9
 Stab: Sleeping          |     8 |     4 ||    12
  Eat: Chunk             |       |     6 ||     6
Armor: Skin              |     2 |     3 ||     5
Dodge: Dodged            |    24 |    65 ||    89
